 Dungeon Crawl Stone Soup version 0.17-a0-18-gc25b939 (webtiles) character file.

17267 Ngotmuk the Carver (level 12, 0/104 HPs)
             Began as a Human Fighter on Mar 12, 2015.
             Was the Champion of Cheibriados.
             Slain by a 13-headed hydra (11 damage)
             ... on level 12 of the Dungeon.
             The game lasted 00:56:51 (13165 turns).

Ngotmuk the Carver (Human Fighter)                 Turns: 13165, Time: 00:56:51

Health: 0/104      AC: 15    Str: 39    XL:     12   Next: 80%
Magic:  10/12      EV:  7    Int: 24    God:    Cheibriados [******]
Gold:   607        SH: 21    Dex: 27    Spells: 0 memorised, 11 levels left

rFire  + . .     SeeInvis .     a - +0 long sword (venom)
rCold  . . .     Clarity  .     j - +2 ring mail {rF+}
rNeg   + + .     SustAb   .     y - +0 large shield
rPois  +         Gourm    .     (helmet restricted)
rElec  .         Spirit   .     (no cloak)
rCorr  +         Warding  +     k - +4 pair of gloves "Nyox Pewn" {Regen+ rCorr}
rMut   .         Stasis   .     f - +0 pair of boots
MR     .....                    m - amulet of warding
Stlth  +.........               s - ring of positive energy
                                o - ring of invisibility

@: about to teleport, very slow, not resistant to hostile enchantments, very
unstealthy
A: antennae 1, poison resistance, robust 1, strong 1, forlorn
a: Bend Time, Temporal Distortion, Slouch, Step From Time, Renounce Religion,
Evoke Invisibility


You were on level 12 of the Dungeon.
You worshipped Cheibriados.
Cheibriados was exalted by your worship.
You were not hungry.

You visited 2 branches of the dungeon, and saw 13 of its levels.
You also visited: Ossuary.

You collected 607 gold pieces.

Inventory:

Hand weapons
 a - a +0 long sword of venom (weapon)
Armour
 f - a +0 pair of boots (worn)
 j - a +2 ring mail of fire resistance (worn)
 k - the +4 pair of gloves "Nyox Pewn" (worn) {Regen+ rCorr}
   (You acquired it on level 5 of the Dungeon)

   It increases your rate of regeneration.
   It protects you from acid and corrosion.
 y - a +0 large shield (worn)
Jewellery
 g - an uncursed amulet of clarity
 m - an amulet of warding (around neck)
 o - a ring of invisibility (left hand)
 s - a ring of positive energy (right hand)
Magical devices
 i - a wand of polymorph (12)
 A - a wand of magic darts (24)
 C - a wand of confusion (15)
Scrolls
 h - 7 scrolls of identify
 n - 6 scrolls of magic mapping
 p - 5 scrolls of remove curse
 r - a scroll of enchant weapon
 t - 9 scrolls of teleportation
 u - a scroll of enchant armour
 z - a scroll of fear
Potions
 c - a potion of magic
 e - 5 potions of might
 l - 3 potions of restore abilities
 q - 2 potions of flight
 v - 5 potions of agility
 w - 5 potions of curing
 x - 2 potions of heal wounds
Comestibles
 b - 8 beef jerkies
 d - 11 bread rations


   Skills:
 + Level 9.3 Fighting
 * Level 14.4 Long Blades
 + Level 8.0 Armour
 + Level 8.1 Shields


You had 11 spell levels left.
You didn't know any spells.

Dungeon Overview and Level Annotations

Branches:
Dungeon (12/15)            Temple (1/1) D:4            Lair (0/8) D:10
    Orc (0/4) D:12

Altars:
Ashenzari
Cheibriados
Dithmenos
Elyvilon
Fedhas
Gozag
Kikubaaqudgha
Makhleb
Nemelex Xobeh
Okawaru
Qazlal
Ru
Sif Muna
Trog
Vehumet
Xom
Yredelemnul
Zin
The Shining One

Shops:
D:10 [   D:11 (


Innate Abilities, Weirdness & Mutations

You have a pair of small antennae on your head.
Your system is resistant to poisons.
You are robust (+10% HP).
Your muscles are strong. (Str +2)
You have difficulty communicating with the divine.


Message History

The 13-headed hydra bites you!
* * * LOW HITPOINT WARNING * * *
The 13-headed hydra bites you but does no damage.
You block the 13-headed hydra's attack. The 13-headed hydra bites you.
* * * LOW HITPOINT WARNING * * *
The 13-headed hydra barely misses you. x2
The 13-headed hydra bites you but does no damage.
You block the 13-headed hydra's attack.
The 13-headed hydra bites you but does no damage.
The 13-headed hydra completely misses you.
The 13-headed hydra bites you.
* * * LOW HITPOINT WARNING * * *
The 13-headed hydra bites you.
* * * LOW HITPOINT WARNING * * *
You block the 13-headed hydra's attack. x2
The 13-headed hydra bites you but does no damage.
You block the 13-headed hydra's attack.
The 13-headed hydra bites you but does no damage.
The 13-headed hydra barely misses you. The 13-headed hydra bites you!
You die...

########################## >....
........D@................
.....................>###########
.....................†#
......................#
.................<....#
......................#
......................###########
.................................
.................................


You could see a 13-headed hydra.

Vanquished Creatures
  A deep troll earth mage (D:12)
  A centaur warrior (D:12)
  2 unseen horrors (D:12)
  Pikel (D:6)
  2 hill giants
  2 ugly things
  A wolf spider (D:12)
  A manticore (D:12)
  A komodo dragon (D:10)
  4 trolls
  A slime creature (D:12)
  The ghost of Antondotnet the Covert, an average OpWz (D:3)
  A two-headed ogre (D:12)
  3 deep elf magi (D:12)
  A shadow (D:12)
  2 wyverns
  A centaur simulacrum (D:12)
  A wraith (D:11)
  Eustachio (D:8)
  5 hippogriffs
  14 yaks
  A water moccasin (D:8)
  Edmund (D:7)
  2 orc warriors
  A necrophage (D:9)
  2 sky beasts
  3 black bears
  6 spiders (D:10)
  2 ice beasts
  7 ogres
  6 phantoms
  A centaur (D:8)
  7 giant frogs
  3 big kobolds
  A gnoll sergeant (D:11)
  6 scorpions
  14 wights
  A goliath beetle (D:8)
  A centaur zombie (D:11)
  5 hounds
  2 giant frog skeletons
  5 orc priests
  5 jellies
  8 crimson imps
  7 orc wizards
  4 centaur skeletons
  2 iguanas
  2 worker ants
  14 mummies (Ossuary)
  9 gnolls
  A river rat (D:8)
  21 adders
  A giant mite (D:1)
  2 shadow imps
  3 worms
  2 adder skeletons
  2 adder zombies
  An ooze (D:2)
  48 orcs
  3 ball pythons
  2 bat skeletons
  2 bat zombies
  5 giant cockroaches
  13 hobgoblins
  17 jackals
  7 quokkas
  A ball python skeleton (D:4)
  14 bats
  A giant cockroach zombie (D:5)
  3 giant geckos
  8 giant newts
  4 gnoll skeletons (Ossuary)
  9 goblins
  2 goblin skeletons (Ossuary)
  A jackal skeleton (D:8)
  30 kobolds
  2 orc skeletons (Ossuary)
  A quokka skeleton (D:4)
  20 rats
  11 rat skeletons (Ossuary)
412 creatures vanquished.

Vanquished Creatures (others)
  16 plants (D:10)
16 creatures vanquished.

Grand Total: 428 creatures vanquished

Notes
Turn   | Place    | Note
--------------------------------------------------------------
     0 | D:1      | Ngotmuk, the Human Fighter, began the quest for the Orb.
     0 | D:1      | Reached XP level 1. HP: 18/18 MP: 1/1
   154 | D:1      | Reached XP level 2. HP: 24/24 MP: 2/2
   829 | D:2      | Reached XP level 3. HP: 21/29 MP: 3/3
  1057 | D:2      | Reached XP level 4. HP: 26/35 MP: 4/4
  1160 | D:2      | Reached skill level 4 in Long Blades
  1493 | D:2      | You fall through a shaft for 2 floors!
  1493 | D:4      | Found a staircase to the Ecumenical Temple.
  1499 | Temple   | Entered the Ecumenical Temple
  1677 | Temple   | Became a worshipper of Cheibriados the Contemplative
  1721 | D:4      | Reached skill level 5 in Long Blades
  1721 | D:4      | Reached XP level 5. HP: 11/41 MP: 5/5
  1943 | D:4      | Reached XP level 6. HP: 33/47 MP: 6/6
  2236 | D:4      | Noticed an ogre
  2247 | D:4      | Killed an ogre
  2247 | D:4      | Reached skill level 6 in Long Blades
  2379 | D:3      | Acquired Cheibriados' first power
  3527 | D:3      | Noticed Antondotnet's ghost (average OpWz)
  3555 | D:3      | Killed Antondotnet's ghost
  3555 | D:3      | Reached skill level 7 in Long Blades
  3555 | D:3      | Reached XP level 7. HP: 43/52 MP: 7/7
  3767 | D:4      | Noticed a phantom
  3783 | D:4      | Killed a phantom
  3783 | D:4      | Reached skill level 8 in Long Blades
  3837 | D:4      | Acquired Cheibriados' second power
  4184 | D:5      | Entered Level 5 of the Dungeon
  4412 | D:5      | Found a sand-covered staircase.
  4420 | Ossuary  | Entered an ossuary
  4445 | Ossuary  | Reached XP level 8. HP: 47/58 MP: 8/8
  4516 | Ossuary  | Acquired Cheibriados' third power
  5332 | D:5      | Reached skill level 9 in Long Blades
  5997 | D:5      | Acquired Cheibriados' fourth power
  5997 | D:5      | Reached XP level 9. HP: 58/67 MP: 9/9
  6003 | D:5      | Identified a scroll of acquirement
  6004 | D:5      | Got a pair of crude gloves
  6016 | D:5      | Identified the +4 pair of gloves "Nyox Pewn" {Regen+ rCorr} (You acquired it on level 5 of the Dungeon)
  6016 | D:5      | Gained mutation: Your system is resistant to poisons. [potion of mutation]
  6016 | D:5      | Gained mutation: Your muscles are strong. (Str +2) [potion of mutation]
  6213 | D:5      | Reached skill level 5 in Fighting
  6213 | D:5      | Reached skill level 10 in Long Blades
  6426 | D:6      | Found a white marble altar of Elyvilon.
  6979 | D:6      | Found an iron altar of Okawaru.
  7110 | D:6      | Noticed Pikel
  7120 | D:6      | Killed Pikel
  7392 | D:7      | Noticed Edmund
  7404 | D:7      | Killed Edmund
  7423 | D:7      | Reached skill level 11 in Long Blades
  7447 | D:7      | Reached XP level 10. HP: 76/76 MP: 10/10
  7781 | D:7      | Found a shadowy altar of Dithmenos.
  7784 | D:7      | Found a glowing silver altar of Zin.
  7787 | D:7      | Found a deep blue altar of Sif Muna.
  8616 | D:8      | Found a blossoming altar of Fedhas.
  8659 | D:8      | Reached skill level 5 in Armour
  8819 | D:8      | Noticed Eustachio
  8849 | D:8      | Killed Eustachio
  9082 | D:8      | Reached skill level 5 in Shields
  9394 | D:8      | Reached skill level 12 in Long Blades
 10291 | D:10     | Entered Level 10 of the Dungeon
 10292 | D:10     | Noticed a hill giant
 10299 | D:10     | Killed a hill giant
 10299 | D:10     | Reached XP level 11. HP: 84/84 MP: 11/11
 10671 | D:10     | Reached skill level 13 in Long Blades
 10838 | D:10     | Found Edom's Armour Shoppe.
 10953 | D:10     | Found a staircase to the Lair.
 11448 | D:11     | Gained mutation: You have difficulty communicating with the divine. [potion of mutation]
 11448 | D:11     | Gained mutation: You have a pair of small antennae on your head. [potion of mutation]
 11448 | D:11     | Gained mutation: You are robust (+10% HP). [potion of mutation]
 11616 | D:11     | Noticed a green ugly thing
 11629 | D:11     | Killed a green ugly thing
 11754 | D:11     | Found Pimat's Weapon Boutique.
 11835 | D:11     | Reached XP level 12. HP: 88/103 MP: 12/12
 11936 | D:11     | Noticed a hill giant
 11946 | D:11     | Killed a hill giant
 12558 | D:12     | Reached skill level 14 in Long Blades
 12650 | D:12     | Noticed a centaur warrior
 12664 | D:12     | Killed a centaur warrior
 12776 | D:12     | Noticed a deep troll earth mage
 12776 | D:12     | Noticed a five-headed hydra
 13042 | D:12     | Killed a deep troll earth mage
 13110 | D:12     | Found a staircase to the Orcish Mines.
 13165 | D:12     | Slain by a 13-headed hydra

Action                   |  1- 3 |  4- 6 |  7- 9 | 10-12 || total
-------------------------+-------+-------+-------+-------++-------
Melee: Long sword        |    67 |   230 |   463 |   732 ||  1492
Invok: Bend Time         |       |       |       |     3 ||     3
Evoke: Wand              |       |       |       |     1 ||     1
  Use: Scroll            |       |     7 |    13 |     7 ||    27
       Potion            |       |     8 |     3 |     2 ||    13
 Stab: Sleeping          |       |     1 |       |     2 ||     3
       Distracted        |       |       |       |     1 ||     1
  Eat: Beef jerky        |       |     2 |       |       ||     2
       Pizza             |       |     1 |       |     2 ||     3
       Meat ration       |       |     1 |     1 |     2 ||     4
       Royal jelly       |       |     1 |       |     1 ||     2
       Fruit             |       |       |       |     3 ||     3
